[Event "Titled Tuesday Blitz August 1 Late 2023"]
[White "Ai, Evan"]
[Black "Papayan, Oleg"]
[WhiteFideId "2094770"]
[BlackFideId "4193911"]
[WhiteElo "2323"]
[BlackElo "2503"]
[Result "1/2-1/2"]
[Round "5"]
[TimeControl "180+1"]
[Date "2023.08.01"]
[WhiteClock "0:00:08"]
[BlackClock "0:00:06"]
[Board "102"]

1. e4 d5 2. exd5 Qxd5 3. Nc3 Qd8 4. d4 Bf5 5. Nf3 e6 6. Bc4 Be7 7. O-O c6 8. h3 h6 9. Re1 Nf6 10. Ne5 Nbd7 11. Qe2 Nb6 12. Bb3 Qxd4 13. Nxf7 Kxf7 14. Bxe6+ Bxe6 15. Qxe6+ Kg6 16. Ne2 Qd7 17. Nf4+ Kh7 18. Qxd7 Nfxd7 19. Rxe7 Rhe8 20. Rxe8 Rxe8 21. Be3 Nc4 22. Bd4 Re4 23. Be3 Nxe3 24. fxe3 Rxe3 25. Kf2 Re4 26. Ne2 Nf6 27. Rd1 Kg6 28. b3 Kf7 29. a4 a5 30. Kf3 Re5 31. Rd8 Rc5 32. c4 b5 33. cxb5 cxb5 34. Nd4 bxa4 35. bxa4 Rc4 36. Ke3 Rxa4 37. Ra8 Ra3+ 38. Kf2 a4 39. Ra7+ Kg6 40. Ne6 Ne4+ 41. Kg1 Ra1+ 42. Kh2 a3 43. Nd4 h5 44. Nc2 Ra2 45. Nxa3 h4 46. Nb5 Rb2 47. Nd4 Ng5 48. Ra6+ Kh7 49. Ra5 Rd2 50. Nb3 Rd3 51. Rxg5 Rxb3 52. Rh5+ Kg6 53. Rxh4 Kf5 54. Rg4 g5 55. Rg3 Rb2 56. Rf3+ Kg6 57. Kg3 Kh5 58. Rc3 Ra2 59. Kf3 Rb2 60. Rc8 Rb3+ 61. Kf2 Rb2+ 62. Kg3 Rb3+ 63. Kh2 Rb2 64. Rh8+ Kg6 65. Rf8 Rc2 66. Kg3 Rc3+ 67. Rf3 Rc2 68. Rf2 Rc3+ 69. Kh2 Rc1 70. g3 Rc3 71. Kg2 Rd3 72. Re2 Rc3 73. Kf2 Rb3 74. Re3 Rb2+ 75. Kf3 Rh2 76. Kg4 Ra2 77. Re6+ Kf7 78. Rb6 Ra3 79. Rb5 Kf6 80. Rf5+ Kg6 81. Rxg5+ Kh6 82. Rh5+ Kg6 83. Rf5 Ra4+ 84. Rf4 Ra3 85. h4 Ra5 86. Rd4 Ra6 87. h5+ Kh6 88. Kh4 Rb6 89. g4 Rb1 90. g5+ Kg7 91. Rd3 Rh1+ 92. Kg4 Rg1+ 93. Rg3 Rc1 94. Rf3 Rg1+ 95. Kf5 Rc1 96. h6+ Kh7 97. Kg4 Rg1+ 98. Rg3 Rc1 99. Rh3 Rg1+ 100. Kh5 Rg2 101. Re3 Rh2+ 102. Kg4 Rg2+ 103. Kf5 Rf2+ 104. Kg4 Rg2+ 105. Kf4 Rf2+ 106. Rf3 Rg2 107. Kf5 Rg1 108. Kf6 Rg2 109. Rf5 Rg1 110. Ke6 Re1+ 111. Kf7 Rg1 112. Re5 Rf1+ 113. Ke6 Rg1 114. Kf6 Rf1+ 115. Rf5 Rg1 116. Kf7 Rg2 117. Kf8 Rg1 118. Rf7+ Kh8 119. Rg7 Rf1+ 120. Ke7 Re1+ 121. Kd6 Re6+ 122. Kd5 Re5+ 123. Kd4 Re4+ 124. Kxe4 1/2-1/2


[Site "https://www.chess.com"]

[Event "Titled Tuesday Blitz August 1 Late 2023"]
[White "feuervogel1000000"]
[Black "Manon-og, Ramon Jr."]
[BlackFideId "5200776"]
[WhiteElo "2503"]
[BlackElo "2323"]
[Result "1-0"]
[Round "5"]
[TimeControl "180+1"]
[Date "2023.08.01"]
[WhiteClock "0:01:35"]
[BlackClock "0:00:07"]
[Board "103"]

1. e4 c5 2. Nf3 d6 3. d4 cxd4 4. Nxd4 Nf6 5. Nc3 a6 6. Bg5 e6 7. f4 Be7 8. Qf3 Nbd7 9. O-O-O Qc7 10. g4 O-O 11. Bh4 b5 12. g5 Ne8 13. f5 Ne5 14. Qh3 b4 15. Nce2 exf5 16. exf5 f6 17. Bg2 Rb8 18. Bd5+ Kh8 19. g6 h6 20. Nf4 Qa5 21. Kb1 Nc7 22. Bb3 Nb5 23. Nfe6 Bxe6 24. Nxe6 Rfc8 25. Be1 Nc3+ 26. bxc3 bxc3 27. Ka1 Nc4 28. Qxc3 Qxf5 29. Nd4 Qe4 30. Bf2 Na3 31. Qe3 Qxe3 32. Bxe3 f5 33. Bc1 Nc4 34. Rhe1 Bf6 35. c3 Na5 36. Bb2 Nxb3+ 37. Nxb3 Rxc3 38. Bxc3 Bxc3+ 39. Kb1 Bxe1 40. Rxe1 a5 41. Kc2 a4 42. Nd4 1-0


[Site "https://www.chess.com"]

[Event "Titled Tuesday Blitz August 1 Late 2023"]
[White "Ardila, Oscar Humberto"]
[Black "Jovic, Stanoje"]
[WhiteFideId "4404742"]
[BlackFideId "905020"]
[WhiteElo "2317"]
[BlackElo "2502"]
[Result "0-1"]
[Round "5"]
[TimeControl "180+1"]
[Date "2023.08.01"]
[WhiteClock "0:00:00"]
[BlackClock "0:00:32"]
[Board "104"]

1. d4 Nf6 2. Nf3 e6 3. c4 d5 4. Nc3 Bb4 5. Bd2 O-O 6. e3 Bxc3 7. Bxc3 Ne4 8. Rc1 b6 9. Be2 Nd7 10. O-O Bb7 11. Be1 f5 12. Nd2 c5 13. Nxe4 fxe4 14. Bg4 Qf6 15. cxd5 Bxd5 16. dxc5 Nxc5 17. Bc3 Qg6 18. Be2 Bxa2 19. Ra1 Bd5 20. Be5 Nd3 21. Bc3 a5 22. Qd2 Rac8 23. Bd4 Rc6 24. Bc3 Rfc8 25. Rad1 b5 26. Bxd3 exd3 27. f3 b4 28. Be5 Rc2 29. Bg3 Rxd2 30. Rxd2 Rc2 31. Rfd1 Rxd2 32. Rxd2 Bc4 33. e4 a4 34. Bd6 Qg5 35. f4 Qa5 36. Kf2 Qb6+ 37. Kf3 Qxd6 0-1


[Site "https://www.chess.com"]

[Event "Titled Tuesday Blitz August 1 Late 2023"]
[White "Michalczak, Thomas"]
[Black "Garmendiarov"]
[WhiteFideId "4622634"]
[WhiteElo "2500"]
[BlackElo "2290"]
[Result "1-0"]
[Round "5"]
[TimeControl "180+1"]
[Date "2023.08.01"]
[WhiteClock "0:00:16"]
[BlackClock "0:00:02"]
[Board "105"]

1. e4 c5 2. c3 Nf6 3. e5 Nd5 4. Nf3 d6 5. d4 cxd4 6. cxd4 Nc6 7. Bc4 Nb6 8. Bb5 dxe5 9. Nxe5 Bd7 10. Nc3 Nxe5 11. dxe5 Bxb5 12. Nxb5 Qxd1+ 13. Kxd1 O-O-O+ 14. Ke2 a6 15. Be3 Nd5 16. Rac1+ Kb8 17. Ba7+ Ka8 18. Rhd1 axb5 19. Bb6 Nxb6 20. Rxd8+ Ka7 21. Rc7 g6 22. b3 Bg7 23. Rxh8 Bxh8 24. Rxe7 f6 25. Rxh7 fxe5 26. Rxh8 Nd5 27. Kf3 Nc3 28. a3 Nb1 29. a4 b4 30. Ke3 Nc3 31. Rg8 b5 32. axb5 Nxb5 33. Rxg6 Nd4 34. Rg5 Nxb3 35. Rxe5 Kb6 36. h4 Nc1 37. Re8 b3 38. Rb8+ Kc5 39. h5 Kc4 40. h6 Nd3 41. Rxb3 1-0


[Site "https://www.chess.com"]

[Event "Titled Tuesday Blitz August 1 Late 2023"]
[White "Koutlas, Nikolaos"]
[Black "Thiel, Thomas"]
[WhiteFideId "25827138"]
[BlackFideId "4615964"]
[WhiteElo "2499"]
[BlackElo "2277"]
[Result "1-0"]
[Round "5"]
[TimeControl "180+1"]
[Date "2023.08.01"]
[WhiteClock "0:00:48"]
[BlackClock "0:00:13"]
[Board "106"]

1. Nf3 Nf6 2. d4 g6 3. Bg5 Bg7 4. Nbd2 O-O 5. c3 d5 6. e3 Nc6 7. Be2 h6 8. Bh4 Ne4 9. Nxe4 dxe4 10. Nd2 g5 11. Bg3 f5 12. f4 gxf4 13. Bxf4 e5 14. dxe5 Bxe5 15. Qb3+ Kh7 16. g3 Bxf4 17. gxf4 Qh4+ 18. Kd1 Qf2 19. c4 Be6 20. Rf1 Qxh2 21. Qxb7 Ne7 22. Qxc7 Rf7 23. Qe5 Bd7 24. Nxe4 fxe4 25. Qxe4+ Bf5 26. Qxa8 Ng6 27. Qf3 Nh4 28. Qf2 Rd7+ 29. Kc1 Qh3 30. Rg1 Be4 31. Bg4 1-0


[Site "https://www.chess.com"]

[Event "Titled Tuesday Blitz August 1 Late 2023"]
[White "Mortazavi, Ali"]
[Black "Feliz Dotel, Dewar Bienvenido"]
[WhiteFideId "401323"]
[BlackFideId "6402801"]
[WhiteElo "2498"]
[BlackElo "2171"]
[Result "1-0"]
[Round "5"]
[TimeControl "180+1"]
[Date "2023.08.01"]
[WhiteClock "0:01:39"]
[BlackClock "0:00:08"]
[Board "107"]

1. Nf3 d5 2. g3 c5 3. Bg2 e6 4. O-O Nc6 5. d3 Nf6 6. Nbd2 Be7 7. e4 h6 8. Re1 O-O 9. e5 Nd7 10. Nf1 b5 11. h4 Bb7 12. Bf4 a5 13. N1h2 a4 14. Qd2 h5 15. a3 b4 16. Ng5 bxa3 17. bxa3 Nd4 18. Rab1 Ba6 19. c3 Nf5 20. Bh3 Bxg5 21. Bxg5 Ne7 22. g4 hxg4 23. Nxg4 Qe8 24. Nf6+ Nxf6 25. exf6 Nc6 26. Rb6 g6 27. Bh6 Ne7 28. Bg7 Nf5 29. Bxf5 exf5 30. Rxe8 Rfxe8 31. Qh6 Re2 32. Rb8+ Rxb8 33. Kf1 Bxd3 34. Qh8# 1-0


[Site "https://www.chess.com"]

[Event "Titled Tuesday Blitz August 1 Late 2023"]
[White "Tarnowska, Aleksandra"]
[Black "MFatigue"]
[WhiteFideId "1180967"]
[WhiteElo "2153"]
[BlackElo "2496"]
[Result "0-1"]
[Round "5"]
[TimeControl "180+1"]
[Date "2023.08.01"]
[WhiteClock "0:00:00"]
[BlackClock "0:00:41"]
[Board "108"]

1. e4 e6 2. d4 d5 3. Nd2 Nf6 4. e5 Nfd7 5. Bd3 c5 6. c3 Nc6 7. Ne2 cxd4 8. cxd4 f6 9. exf6 Nxf6 10. O-O Bd6 11. Nf3 Qc7 12. Bg5 O-O 13. Bh4 Nh5 14. Ng3 Nf4 15. Ng5 h6 16. Nf3 g5 17. Bxg5 hxg5 18. Nxg5 Qg7 19. h4 Nxd3 20. Qxd3 Bxg3 21. Qxg3 Bd7 22. Rfe1 Nxd4 23. Rad1 Nf5 24. Qc7 Bc6 25. Qxg7+ Nxg7 26. Nxe6 Nxe6 27. Rxe6 Rae8 28. Rg6+ Kh7 29. h5 Rg8 30. Rf6 Ref8 31. Re6 Rf5 32. h6 Rg6 33. Re7+ Kxh6 34. Rd3 Rh5 35. f3 Rhg5 36. g4 Rf6 37. Kf2 Rxg4 0-1


[Site "https://www.chess.com"]

[Event "Titled Tuesday Blitz August 1 Late 2023"]
[White "Kanyamarala, Tarun"]
[Black "Djordjevic, Dejan N"]
[WhiteFideId "45004714"]
[BlackFideId "913316"]
[WhiteElo "2494"]
[BlackElo "2095"]
[Result "0-1"]
[Round "5"]
[TimeControl "180+1"]
[Date "2023.08.01"]
[WhiteClock "0:01:28"]
[BlackClock "0:00:35"]
[Board "109"]

1. Nf3 Nf6 2. b3 g6 3. Bb2 Bg7 4. c3 d6 5. d3 b6 6. c4 Bb7 7. g3 Nbd7 8. Bg2 O-O 9. O-O a5 10. a3 e5 11. Nc3 Ne8 12. Nd2 Bxg2 13. Kxg2 f5 14. e3 Nef6 15. Nd5 c6 16. Nc3 d5 17. cxd5 cxd5 18. e4 fxe4 19. dxe4 d4 20. Ne2 Nc5 21. f3 b5 22. a4 Qb6 23. Ba3 Rac8 24. Rc1 b4 25. Nc4 Qa6 26. Bb2 Nxa4 27. Ra1 Nxb2 28. Nxb2 Rfe8 29. Nc4 Rc5 30. Nc1 Rb5 31. Nd3 Nd7 32. Qd2 Ra8 33. Ra4 Nb6 34. Nxb4 Nxc4 35. bxc4 Rxb4 36. Rxb4 axb4 37. Qxb4 Bf8 38. Qe1 Qxc4 0-1


[Site "https://www.chess.com"]

[Event "Titled Tuesday Blitz August 1 Late 2023"]
[White "MrLudus"]
[Black "Crispin Ferreras, Darvi Abraham"]
[BlackFideId "6402771"]
[WhiteElo "2080"]
[BlackElo "2346"]
[Result "0-1"]
[Round "5"]
[TimeControl "180+1"]
[Date "2023.08.01"]
[WhiteClock "0:00:08"]
[BlackClock "0:01:44"]
[Board "110"]

1. e4 e6 2. d4 d5 3. Nd2 Nf6 4. e5 Nfd7 5. Bd3 c5 6. c3 Nc6 7. Ne2 Qb6 8. Nf3 Be7 9. O-O cxd4 10. cxd4 Nb4 11. Bb1 Qc7 12. a3 Nc6 13. Be3 b5 14. b4 Bb7 15. Bd3 a6 16. Rc1 Rc8 17. Nd2 Nb6 18. Nb3 Nc4 19. Bxc4 bxc4 20. Nc5 a5 21. Qa4 O-O 22. Nc3 axb4 23. axb4 Ra8 24. Qb5 Rfb8 25. Ra1 Rxa1 26. Rxa1 Bc8 27. Na6 Bxa6 28. Qxa6 Nxb4 29. Qa7 Qxa7 30. Rxa7 Bf8 31. g3 Nc2 32. Kf1 Nxe3+ 33. fxe3 Rb3 34. Nd1 h5 35. Ke2 Ra3 36. Rxa3 Bxa3 37. h3 Kh7 38. Kd2 Kg6 39. Nf2 Bb4+ 40. Kc2 Be1 41. Nh1 Kf5 42. Kd1 Bb4 43. Nf2 g5 44. Ke2 g4 45. h4 Ba5 46. Nd1 Bc7 47. Nc3 f6 48. exf6 Kxf6 49. e4 Bxg3 50. exd5 exd5 51. Nxd5+ Ke6 52. Nb6 c3 53. Kd3 Bxh4 0-1


[Site "https://www.chess.com"]

[Event "Titled Tuesday Blitz August 1 Late 2023"]
[White "Golubev, Mikhail"]
[Black "Burke, Paul"]
[WhiteFideId "14100983"]
[BlackFideId "2605767"]
[WhiteElo "2543"]
[BlackElo "1904"]
[Result "1-0"]
[Round "5"]
[TimeControl "180+1"]
[Date "2023.08.01"]
[WhiteClock "0:01:24"]
[BlackClock "0:00:54"]
[Board "111"]

1. e4 e5 2. Nf3 Nc6 3. Nc3 Be7 4. g3 Nf6 5. Bg2 O-O 6. O-O d6 7. h3 Bd7 8. d4 exd4 9. Nxd4 Qc8 10. Kh2 h6 11. Nxc6 bxc6 12. f4 d5 13. exd5 cxd5 14. Nxd5 Nxd5 15. Qxd5 Bd6 16. Qxa8 Qxa8 17. Bxa8 Rxa8 18. b3 a5 19. Bb2 a4 20. Be5 Bxe5 21. fxe5 Ra5 22. Rad1 Be6 23. Rd8+ Kh7 24. Re1 c6 25. b4 Rb5 26. a3 c5 27. c3 cxb4 28. cxb4 Rb7 29. Rc1 Bb3 30. Rc5 Re7 31. Rd6 Be6 32. g4 Bb3 33. Kg3 Be6 34. b5 Bb3 35. b6 1-0


[Site "https://www.chess.com"]

[Event "Titled Tuesday Blitz August 1 Late 2023"]
[White "Gasparyan, David"]
[Black "Kubatko, Ivan"]
[WhiteFideId "13311980"]
[BlackFideId "24111473"]
[WhiteElo "2503"]
[BlackElo "2404"]
[Result "1-0"]
[Round "5"]
[TimeControl "180+1"]
[Date "2023.08.01"]
[WhiteClock "0:00:23"]
[BlackClock "0:00:01"]
[Board "112"]

1. e4 d5 2. exd5 Qxd5 3. Nc3 Qa5 4. Nge2 Nf6 5. g3 h5 6. h3 Nc6 7. Bg2 Bf5 8. d3 O-O-O 9. Be3 e5 10. Qd2 Bb4 11. O-O-O Nd4 12. Rhe1 Nxe2+ 13. Rxe2 e4 14. d4 c5 15. a3 Bxa3 16. bxa3 Qxa3+ 17. Kb1 Rd6 18. Nb5 Rb6 19. c4 Qb3+ 20. Qb2 Qxd1+ 21. Ka2 Qa4+ 22. Kb1 Qd1+ 23. Ka2 a6 24. dxc5 axb5 25. cxb6 Qa4+ 26. Kb1 Qd1+ 27. Ka2 Qa4+ 28. Kb1 bxc4 29. Qe5 Qd1+ 30. Ka2 Qxe2+ 31. Kb1 Qd1+ 32. Kb2 Qb3+ 33. Kc1 Qa3+ 34. Kc2 Qa4+ 35. Kc1 Qc6 36. Qxf5+ Kd8 37. Qe5 Re8 38. Qb8+ Ke7 39. Qe5+ Kf8 40. Qg5 Kg8 41. Bd4 Rd8 42. Bc3 Rd3 43. Kc2 Qd5 44. Bxf6 Qxg5 45. Bxg5 f6 46. Bf4 f5 47. Be3 Kf7 48. Bf1 Rd7 49. Bxc4+ Kg6 50. Bb5 Rd6 51. Be8+ Kf6 52. Bc5 Rd5 53. Be3 g5 54. Ba4 Ra5 55. Bb3 Ra6 56. Bd4+ Ke7 57. Bd5 Ra5 58. Bxb7 Kd6 59. Bc8 Rb5 60. b7 1-0


[Site "https://www.chess.com"]

[Event "Titled Tuesday Blitz August 1 Late 2023"]
[White "Chabris, Christopher"]
[Black "Novik, Maxim"]
[WhiteFideId "2005263"]
[BlackFideId "4102924"]
[WhiteElo "2349"]
[BlackElo "2500"]
[Result "1-0"]
[Round "5"]
[TimeControl "180+1"]
[Date "2023.08.01"]
[WhiteClock "0:01:52"]
[BlackClock "0:01:48"]
[Board "113"]

1. e4 c6 2. d4 d5 3. e5 Bf5 4. Nf3 e6 5. Be2 Nd7 6. O-O Ne7 7. Nbd2 Ng6 8. Nb3 f6 9. c4 fxe5 10. cxd5 exd5 11. dxe5 Ngxe5 12. Nxe5 Nxe5 13. Nd4 Bd7 14. Re1 Be7 15. Bh5+ Ng6 16. Bxg6+ hxg6 17. Bg5 Qb8 18. Rxe7+ 1-0


[Site "https://www.chess.com"]

[Event "Titled Tuesday Blitz August 1 Late 2023"]
[White "Fernandez Siles, Luis"]
[Black "Haszon, David"]
[WhiteFideId "2209420"]
[BlackFideId "733610"]
[WhiteElo "2299"]
[BlackElo "2497"]
[Result "0-1"]
[Round "5"]
[TimeControl "180+1"]
[Date "2023.08.01"]
[WhiteClock "0:00:00"]
[BlackClock "0:01:12"]
[Board "114"]

1. e4 c5 2. Nf3 e6 3. c3 Nf6 4. e5 Nd5 5. Bc4 Nb6 6. Bb3 d6 7. d4 cxd4 8. cxd4 dxe5 9. Nxe5 Nc6 10. Nf3 Nd5 11. O-O Be7 12. Nc3 Nxc3 13. bxc3 O-O 14. Re1 Bf6 15. Qe2 Ne7 16. Qe4 Ng6 17. Bc2 Qd5 18. Qxd5 exd5 19. Bxg6 hxg6 20. Bg5 Be6 21. Bxf6 gxf6 22. Rab1 b6 23. Re3 Rfc8 24. Kf1 Rc6 25. Ke1 Rac8 26. Kd2 Rc4 27. Rb4 Rxb4 28. cxb4 Rc4 29. a3 a5 30. Rc3 axb4 31. Rxc4 dxc4 32. axb4 Bd5 33. Ne1 Kf8 34. f3 Ke7 35. Nc2 Kd6 36. Kc3 b5 37. Ne3 Bc6 38. h4 f5 39. f4 Be8 40. d5 f6 41. Kd4 Bf7 42. g3 Bg8 43. h5 Bh7 44. h6 g5 45. g4 fxg4 0-1


[Site "https://www.chess.com"]

[Event "Titled Tuesday Blitz August 1 Late 2023"]
[White "Vafin, Ayrat"]
[Black "Nanu, Costica-Ciprian"]
[WhiteFideId "4146530"]
[BlackFideId "1204580"]
[WhiteElo "2280"]
[BlackElo "2491"]
[Result "0-1"]
[Round "5"]
[TimeControl "180+1"]
[Date "2023.08.01"]
[WhiteClock "0:00:19"]
[BlackClock "0:00:39"]
[Board "115"]

1. Nf3 d5 2. g3 Nf6 3. Bg2 Bg4 4. O-O Nbd7 5. d4 c6 6. Nbd2 e6 7. Re1 Bd6 8. e4 dxe4 9. Nxe4 Nxe4 10. Rxe4 Nf6 11. Re1 O-O 12. c3 h6 13. Qb3 Qb6 14. Ne5 Bf5 15. Nc4 Qxb3 16. axb3 Bc7 17. b4 Rfe8 18. Na5 Rab8 19. Nb3 a6 20. Nc5 e5 21. dxe5 Rxe5 22. Rxe5 Bxe5 23. Be3 Nd7 24. Rd1 Nxc5 25. bxc5 Be6 26. Bf3 Kf8 27. Kg2 Ke7 28. h4 Rd8 29. Rxd8 Kxd8 30. Kf1 Bc4+ 31. Ke1 a5 32. Kd2 Ke7 33. Kc2 a4 34. Bd4 Ke6 35. Kd2 Bd5 36. Bd1 Bb3 37. Bf3 g5 38. hxg5 hxg5 39. Be4 f5 40. Bf3 g4 41. Bg2 f4 42. Bxe5 Kxe5 43. gxf4+ Kxf4 44. Kd3 Ke5 45. Ke3 Bd5 46. Bf1 Be4 47. Bc4 Bc2 48. Bg8 Bb3 49. Bxb3 axb3 50. c4 Kf5 51. f4 g3 52. Kf3 g2 53. Kxg2 Kxf4 54. Kf2 Ke4 55. Ke2 Kd4 56. Kd2 Kxc4 57. Ke3 Kxc5 58. Kd3 Kb4 59. Kd4 c5+ 60. Kd5 c4 61. Kd4 b5 62. Kd5 c3 0-1


[Site "https://www.chess.com"]

[Event "Titled Tuesday Blitz August 1 Late 2023"]
[White "Sanhueza, Cristian"]
[Black "Tqebuchava, Zurab"]
[WhiteFideId "116815"]
[BlackFideId "13601113"]
[WhiteElo "2481"]
[BlackElo "2280"]
[Result "1-0"]
[Round "5"]
[TimeControl "180+1"]
[Date "2023.08.01"]
[WhiteClock "0:00:13"]
[BlackClock "0:00:00"]
[Board "116"]

1. d4 d6 2. e4 Nf6 3. Nc3 c6 4. Nf3 Bg4 5. Bc4 Bxf3 6. Qxf3 Nbd7 7. O-O e5 8. Be3 Be7 9. a4 a5 10. Bb3 O-O 11. Rad1 Qc7 12. Rfe1 exd4 13. Bxd4 Ne5 14. Qg3 Rfe8 15. f4 Ng6 16. Qf3 c5 17. Nb5 Qc6 18. Bf2 c4 19. Ba2 Rad8 20. Rd4 Bf8 21. Rxc4 Qd7 22. Rc7 Qg4 23. Bxf7+ Kh8 24. Bxe8 Rxe8 25. Rxb7 Qxf3 26. gxf3 Nxf4 27. Bg3 Nh3+ 28. Kg2 Ng5 29. Bxd6 Bxd6 30. Nxd6 Rf8 31. f4 Ne6 32. f5 Nf4+ 33. Kf3 Nh3 34. Kg3 Ng5 35. h4 1-0


[Site "https://www.chess.com"]

[Event "Titled Tuesday Blitz August 1 Late 2023"]
[White "Bashylina, Luisa"]
[Black "Hirneise, Jens"]
[WhiteFideId "12983292"]
[BlackFideId "24614734"]
[WhiteElo "2268"]
[BlackElo "2474"]
[Result "1-0"]
[Round "5"]
[TimeControl "180+1"]
[Date "2023.08.01"]
[WhiteClock "0:01:15"]
[BlackClock "0:00:00"]
[Board "117"]

1. e4 d5 2. exd5 Qxd5 3. Nc3 Qd8 4. d4 Nc6 5. Be3 e6 6. Nf3 Be7 7. Bd3 Nf6 8. h3 Bd7 9. O-O Nb4 10. Bc4 Nbd5 11. Nxd5 exd5 12. Bd3 O-O 13. Ne5 g6 14. f4 Ne4 15. Nxd7 Qxd7 16. f5 Bd6 17. Bxe4 dxe4 18. Qe1 f6 19. Bh6 Rf7 20. Qxe4 c6 21. fxg6 Re7 22. Qd3 1-0


[Site "https://www.chess.com"]

[Event "Titled Tuesday Blitz August 1 Late 2023"]
[White "De Souza, Cristiano Gomes"]
[Black "Urbina Perez, Juan Antonio"]
[WhiteFideId "2151758"]
[BlackFideId "2217368"]
[WhiteElo "2230"]
[BlackElo "2454"]
[Result "1/2-1/2"]
[Round "5"]
[TimeControl "180+1"]
[Date "2023.08.01"]
[WhiteClock "0:00:21"]
[BlackClock "0:00:19"]
[Board "118"]

1. d4 d5 2. c4 c6 3. Nf3 Nf6 4. Nc3 a6 5. Bg5 Ne4 6. Bd2 Nxd2 7. Qxd2 dxc4 8. a4 c5 9. d5 e6 10. e4 exd5 11. exd5 Bd6 12. Bxc4 O-O 13. O-O Nd7 14. Rfe1 Nf6 15. Rad1 Bg4 16. Be2 Re8 17. h3 Bh5 18. g4 Bg6 19. Nh4 Qd7 20. Nxg6 hxg6 21. Bf3 Rxe1+ 22. Rxe1 Re8 23. Kg2 Bc7 24. Rxe8+ Nxe8 25. Ne4 b6 26. Qd3 a5 27. b3 Nf6 28. Nxf6+ gxf6 29. Qa6 Qd6 30. Kf1 Kg7 31. Qb7 Qh2 32. Bg2 Qf4 33. d6 Qxd6 34. Bd5 Qh2 35. Ke2 Qe5+ 36. Kf1 Qd6 37. Ke2 Qe7+ 38. Kf1 Kh6 39. Qc8 Kg7 40. Qb7 f5 41. gxf5 gxf5 42. Qc6 Qe5 43. Qd7 Qa1+ 44. Kg2 Qe5 45. Qxf7+ Kh6 46. Qf8+ Qg7+ 47. Qxg7+ Kxg7 48. Kf3 Kf6 49. Bc6 Be5 50. Bb5 Bd4 51. Bc4 Kg5 52. Kg3 Be5+ 53. Kf3 Bd6 54. Kg2 Kf4 55. Bb5 Be7 56. Bc4 Ke4 57. Kg3 Bf6 58. f3+ Ke3 59. h4 Be5+ 60. Kg2 Bf6 61. h5 Bg5 62. Bd5 Kf4 63. Kf2 Bh4+ 64. Ke2 Kg5 65. Bf7 Kf6 66. Bg6 Bg5 67. Kd3 Ke5 68. Kc4 Kf4 69. Kb5 Kxf3 70. Bxf5 Kf4 71. Bg6 Bd8 72. Kc6 Kg5 73. Kd7 Bf6 74. Kc7 Bc3 75. Kxb6 Kh6 76. Kb5 Bb4 77. Kc4 Kg7 78. Be8 Kh6 79. Bg6 Kg7 80. Kd5 Kh6 81. Ke6 Kg7 82. Kf5 Kh6 83. Ke4 Kg7 84. Kd3 Kh6 85. Kc4 1/2-1/2


[Site "https://www.chess.com"]

[Event "Titled Tuesday Blitz August 1 Late 2023"]
[White "Rama, Tejas"]
[Black "Aung Thant Zin"]
[WhiteFideId "30907381"]
[BlackFideId "13000063"]
[WhiteElo "2433"]
[BlackElo "2160"]
[Result "1-0"]
[Round "5"]
[TimeControl "180+1"]
[Date "2023.08.01"]
[WhiteClock "0:00:11"]
[BlackClock "0:00:00"]
[Board "120"]

1. d4 Nf6 2. c4 e6 3. Nf3 b6 4. g3 Ba6 5. b3 Bb4+ 6. Bd2 Be7 7. Nc3 c6 8. e4 d5 9. Bd3 dxe4 10. Nxe4 Nbd7 11. O-O O-O 12. Bc3 Bb7 13. Qe2 Re8 14. Rad1 Qc7 15. Ne5 Rad8 16. Ng5 c5 17. Nexf7 Nf8 18. Nxd8 Bxd8 19. Ne4 cxd4 20. Bxd4 Qc6 21. Rfe1 e5 22. Bb2 Ne6 23. Nxf6+ gxf6 24. Qe4 Ng5 25. Qxc6 Bxc6 26. Be2 1-0


[Site "https://www.chess.com"]

[Event "Titled Tuesday Blitz August 1 Late 2023"]
[White "Arnold, Ken"]
[Black "Ardito, Andrew"]
[WhiteFideId "2056836"]
[BlackFideId "2033976"]
[WhiteElo "2428"]
[BlackElo "2127"]
[Result "1-0"]
[Round "5"]
[TimeControl "180+1"]
[Date "2023.08.01"]
[WhiteClock "0:01:32"]
[BlackClock "0:00:55"]
[Board "121"]

1. d4 Nf6 2. c4 d6 3. Nc3 c6 4. f3 g6 5. e4 Bg7 6. Be3 O-O 7. Qd2 a6 8. Nge2 b5 9. Ng3 e5 10. d5 bxc4 11. Bxc4 cxd5 12. Bxd5 Nxd5 13. Qxd5 Be6 14. Qxa8 Qa5 15. O-O f5 16. Qa7 f4 17. Bb6 Qb4 18. Nge2 Nc6 19. a3 Qxb2 20. Qxa6 Bc8 21. Qb5 Qxb5 22. Nxb5 Ba6 23. a4 Rb8 24. Bc7 Rb7 25. Bxd6 1-0


[Site "https://www.chess.com"]

[Event "Titled Tuesday Blitz August 1 Late 2023"]
[White "Curtis, John"]
[Black "Nikolova, Adriana"]
[WhiteFideId "3200256"]
[BlackFideId "2908689"]
[WhiteElo "2094"]
[BlackElo "2421"]
[Result "0-1"]
[Round "5"]
[TimeControl "180+1"]
[Date "2023.08.01"]
[WhiteClock "0:00:00"]
[BlackClock "0:00:12"]
[Board "122"]

1. e4 c5 2. Nf3 Nc6 3. Bb5 d6 4. d4 cxd4 5. Nxd4 Bd7 6. c4 Nf6 7. Nc3 g6 8. f3 Bg7 9. Be3 O-O 10. Bxc6 bxc6 11. Qd2 Qa5 12. O-O Rfc8 13. Rfd1 Qh5 14. Rac1 Rab8 15. b3 a5 16. Nde2 Ra8 17. Na4 Rc7 18. Nb6 Ra6 19. Nf4 Qe5 20. Nd3 Qh5 21. Nf4 Qe5 22. c5 dxc5 23. Nc4 Nxe4 24. Nxe5 Nxd2 25. Nxd7 Rxd7 26. Rxd2 Rxd2 27. Bxd2 a4 28. Be3 axb3 29. axb3 Ra3 30. Bxc5 Rxb3 31. Bxe7 Bd4+ 32. Kf1 Be3 33. Rd1 Bxf4 34. g3 Be5 35. Rd8+ Kg7 36. f4 Rb1+ 37. Ke2 Bc7 38. Rc8 Rb7 0-1


[Site "https://www.chess.com"]

[Event "Titled Tuesday Blitz August 1 Late 2023"]
[White "Penagalapati, Abhinav"]
[Black "ElenGajger"]
[WhiteFideId "30938210"]
[WhiteElo "2116"]
[BlackElo "2551"]
[Result "1-0"]
[Round "5"]
[TimeControl "180+1"]
[Date "2023.08.01"]
[WhiteClock "0:01:25"]
[BlackClock "0:00:44"]
[Board "123"]

1. d4 Nf6 2. Nc3 d5 3. Bf4 g6 4. e3 Bg7 5. h4 c5 6. Nb5 Na6 7. c3 h6 8. Nf3 Bg4 9. Be2 Nh5 10. Be5 Bxf3 11. Bxf3 Qd7 12. a4 Nf6 13. Qe2 O-O 14. O-O Ne4 15. Bh2 e6 16. Rfd1 Qe7 17. Bxe4 dxe4 18. Bd6 Qxh4 19. Bxf8 Bxf8 20. g3 Qg5 21. Kg2 cxd4 22. cxd4 Rd8 23. Rac1 Rd5 24. Rc8 Kg7 25. Nc3 Rf5 26. Nxe4 Qe7 27. Rdc1 h5 28. Ra8 Nb4 29. Rcc8 Qd7 30. Rxf8 Qc6 31. Rg8+ Kh6 32. Rh8+ Kg7 33. Rag8# 1-0


[Site "https://www.chess.com"]

[Event "Titled Tuesday Blitz August 1 Late 2023"]
[White "Harshal, Shahi"]
[Black "Altman, Joshua"]
[WhiteFideId "5048257"]
[BlackFideId "426210"]
[WhiteElo "2328"]
[BlackElo "2509"]
[Result "0-1"]
[Round "5"]
[TimeControl "180+1"]
[Date "2023.08.01"]
[WhiteClock "0:00:00"]
[BlackClock "0:00:56"]
[Board "124"]

1. e4 Nc6 2. d4 d5 3. e5 Bf5 4. c3 e6 5. Bd3 Nge7 6. Ne2 Qd7 7. b4 Bxd3 8. Qxd3 Ng6 9. a4 f6 10. f4 fxe5 11. fxe5 Be7 12. O-O O-O-O 13. Be3 Rdf8 14. Nd2 Nh4 15. a5 Nf5 16. b5 Nd8 17. b6 cxb6 18. axb6 a6 19. Rfc1 Kb8 20. c4 Nc6 21. Bf2 dxc4 22. Rxc4 Nxe5 23. Rc7 Nxd3 24. Rxd7 Nxf2 25. Kxf2 Nxd4+ 26. Nf3 Nxf3 27. gxf3 Bc5+ 28. Kg2 Bxb6 29. Rb1 Ka7 30. Rd6 Bc5 31. Rd7 Rb8 32. Rxg7 Rhg8 33. Rxb7+ Rxb7 34. Rxg8 a5 35. Nc3 Bd4 36. Ne4 Rg7+ 37. Rxg7+ Bxg7 38. Nc5 e5 39. Ne4 Kb6 40. Kg3 a4 41. Kg4 Kb5 42. Kf5 a3 43. Nc3+ Kc4 44. Na2 Kb3 45. Nc1+ Kb2 46. Nd3+ Kc3 47. Nc1 Bh6 48. Na2+ Kb3 49. Kxe5 Kxa2 50. f4 Kb2 51. f5 a2 52. f6 a1=Q 53. f7 Qe1+ 0-1


[Site "https://www.chess.com"]